 Dungeon Crawl Stone Soup version 0.28.0-53-g5a82cb258f (webtiles) character file.

Game seed: 5495956531757845097

60 safid the Skirmisher (level 4, -4/40 HPs)
             Began as a Hill Orc Fighter on Aug 3, 2022.
             Slain by a gnoll
             ... wielding a +0 flail
              (9 damage)
             ... on level 2 of the Dungeon.
             The game lasted 00:02:18 (1281 turns).

safid the Skirmisher (Hill Orc Fighter)             Turns: 1281, Time: 00:02:19

Health: -4/40      AC:  7    Str: 20    XL:     4   Next: 4%
Magic:  4/4        EV:  9    Int:  8    God:
Gold:   35         SH:  4    Dex: 10    Spells: 3/3 levels left

rFire   . . .      SeeInvis .   a - +0 war axe
rCold   . . .      Faith    .   c - +0 buckler
rNeg    . . .      Spirit   .   b - +0 scale mail
rPois   .          Reflect  .   (no helmet)
rElec   .          Harm     .   (no cloak)
rCorr   .          Rampage  .   (no gloves)
Will    .....                   (no boots)
Stlth   ..........              (no amulet)
HPRegen 0.13/turn               (no ring)
MPRegen 0.09/turn               (no ring)

@: no status effects
A: no striking features
a: no special abilities


You were on level 2 of the Dungeon.
You visited 1 branch of the dungeon, and saw 2 of its levels.

You collected 35 gold pieces.

Inventory:

Hand Weapons
 a - a +0 war axe (weapon)
Armour
 b - a +0 scale mail (worn)
 c - a +0 buckler (worn)
Scrolls
 e - a scroll of acquirement {unknown}
 f - a scroll of amnesia {unknown}
 h - 2 scrolls of identify {unknown}
Potions
 d - a potion of might
 g - a potion of haste {unknown}
 i - a potion of curing {unknown}


   Skills:
 + Level 4.2 Fighting
 + Level 3.6 Axes
 + Level 3.8 Armour
 + Level 3.9 Shields


You had 3 spell levels left.
You didn't know any spells.
Your spell library was empty.

Dungeon Overview and Level Annotations

Branches:
Dungeon (2/15)

Altars:

Shops:
D:1 !((?


Message History

The gnoll shouts!
The gnoll moves out of view.
You see here a bat corpse.
A gnoll comes into view. It is wielding a +0 spear.
Found 22 arrows.
The gnoll shouts!
A gnoll comes into view. It is wielding a +0 flail.
The gnoll shouts!
A gnoll comes into view. It is wielding a +0 club.
The gnoll shouts!
The gnoll hits you from afar with a +0 spear.
You slash the gnoll!
The gnoll is almost dead.
The gnoll barely misses you.
The gnoll hits you from afar with a +0 spear.
The gnoll hits you but does no damage.
You hit the gnoll.
You kill the gnoll!
You hit the gnoll. You closely miss the gnoll.
The gnoll hits you from afar with a +0 spear.
The gnoll completely misses you. The gnoll hits you but does no damage.
The gnoll hits you from afar with a +0 spear.
The gnoll hits you with a +0 flail.
You have reached level 4!
You closely miss the gnoll.
The gnoll is moderately wounded.
You hit the gnoll. The gnoll hits you with a +0 club.
The gnoll hits you from afar with a +0 spear.
The gnoll hits you with a +0 flail.
* * * LOW HITPOINT WARNING * * *
Unknown command.
You completely miss the gnoll.
The gnoll is lightly wounded.
You block the gnoll's attack.
The gnoll hits you from afar with a +0 spear.
* * * LOW HITPOINT WARNING * * *
The gnoll hits you with a +0 club!
* * * LOW HITPOINT WARNING * * *
The gnoll hits you with a +0 flail!
You die...

#.#.# ##.#.# ....# # #...#.#
########...#.#.#
...............
.......#...###.#
......)ggg..(..#
.......##@.####### #####.#
#.†....... #.# ##.####### #.#
#.# #######.####.### ####
#................### #...
#..######.####.#.#.########.##
#..............#.#............
#..............# #.########.#.


You could see 3 gnolls.

Vanquished Creatures
  Terence (D:2)
  A gnoll (D:2)
  A dart slug (D:2)
  2 ball pythons (D:1)
  2 bats
  3 endoplasms
  A goblin (D:1)
  3 hobgoblins
  2 quokkas (D:1)
  A frilled lizard (D:1)
  3 rats
20 creatures vanquished.

Notes
Turn   | Place    | Note
-------+----------+-------------------------------------------
     0 | D:1      | safid the Hill Orc Fighter began the quest for the Orb.
     0 | D:1      | Reached XP level 1. HP: 19/19 MP: 1/1
   273 | D:1      | Found Wasoum's Weapon Shop.
   283 | D:1      | Reached XP level 2. HP: 27/27 MP: 2/2
   317 | D:1      | Found Kaxupt's Distillery.
   720 | D:1      | Found Ducluufeo's Weapon Boutique.
   803 | D:1      | Found Hoacwy's Magic Scroll Shoppe.
  1016 | D:2      | Noticed Terence
  1031 | D:2      | Killed Terence
  1032 | D:2      | Reached skill level 4 in Fighting
  1032 | D:2      | Reached XP level 3. HP: 15/33 MP: 3/3
  1278 | D:2      | Reached XP level 4. HP: 21/40 MP: 4/4
  1281 | D:2      | Slain by a gnoll

Illustrated notes

Levels and vault maps discovered:
D:1:      lemuel_arrival_tunnels, layout_basic, serial_shops, shop_fountains,
          shop_statue, nicolae_shop_bloodbath_and_beyond, nicolae_shop_crystal
D:2:      layout_basic, uniq_terence

Skill      XL: |  1  2 |
---------------+-------+-----
Axes           | 3 |  3.6
Fighting       | 4 |  4.2
Armour         | |  3.8
Shields        | |  3.9

Action                   |  1- 3 |  4- 6 || total
-------------------------+-------+-------++-------
Melee: War axe           |    43 |     2 ||    45
Armor: Scale mail        |    16 |       ||    16
Dodge: Dodged            |    20 |       ||    20
Block: Buckler           |    17 |     1 ||    18
